 Dungeon Crawl Stone Soup version 0.32-a0-841-g4648e6c457 (webtiles) character file.

Game seed: 4012930398598012670

163 Dordric the Cudgeller (level 5, 0/54 HPs)
             Began as an Oni Monk on Mar 27, 2024.
             Slain by a scorpion (2 damage)
             ... on level 4 of the Dungeon.
             The game lasted 00:01:54 (2177 turns).

Dordric the Cudgeller (Oni Monk)                    Turns: 2177, Time: 00:01:55

Health: 0/54       AC:  4    Str: 17    XL:     5   Next: 44%
Magic:  5/5        EV:  9    Int: 11    God:
Gold:   164        SH:  0    Dex: 11    Spells: 4/4 levels left

rFire   . . .        e - +3 hand axe (freeze)
rCold   . . .        d - orb {light}
rNeg    . . .        b - +0 robe
rPois   +            (helmet restricted)
rElec   .            h - +0 cloak
rCorr   .            (gloves unavailable)
SInv    .            (boots unavailable)
Will    .....        (no amulet)
Stlth   +            m - ring of poison resistance
HPRegen 0.29/turn    (no ring)
MPRegen 0.09/turn

%: no passive effects
@: glowing
A: large, unfitting armour, horns 1, tough skin 1, double potion healing,
drunken brawling
a: Convert to Beogh


You were on level 4 of the Dungeon.
You visited 1 branch of the dungeon, and saw 4 of its levels.

You collected 164 gold pieces.

Inventory:

Hand Weapons
 a - a +0 mace
 e - a +3 hand axe of freezing (weapon)
Armour
 b - a +0 robe (worn)
 d - an orb of light (worn)
 h - a +0 cloak (worn)
Jewellery
 m - a ring of poison resistance (left hand)
Scrolls
 f - a scroll of torment {unknown}
 i - a scroll of vulnerability {unknown}
 j - 2 scrolls of teleportation {unknown}
 l - a scroll of fog {unknown}
Potions
 g - a potion of degeneration {unknown}
 k - a potion of attraction {unknown}
 n - a potion of brilliance {unknown}


   Skills:
 - Level 4.0 Fighting
 + Level 6.0 Maces & Flails
 - Level 2.6 Dodging


You had 4 spell levels left.
You didn't know any spells.
Your spell library contained the following spells:

 Spells                   Type           Power      Damage    Failure   Level
 Slow                     Hex            0%         N/A       34%         1
 Confusing Touch          Hex            0%         N/A       71%         3
 Dazzling Flash           Conj/Hex       0%         N/A       71%         3
 Vampiric Draining        Necr           0%         2d6       71%         3
 Starburst                Conj/Fire      0%         6d3       100%        6
 Maxwell's Capacitive Co  Air            0%         ∞         100%        8


Dungeon Overview and Level Annotations

Branches:
Dungeon (4/15)             Temple (0/1) D:4

Altars:
The Shining One

Shops:
D:3 ?


Innate Abilities, Weirdness & Mutations

You are too large for most types of armour.
You have a pair of small horns on your head.
You have tough skin. (AC +1)
You gain doubled healing and magic from potions.
Whenever you drink a healing potion, you attack all around you.


Message History

The orc priest closely misses you.
You're too confused to move!
You feel less confused. The scorpion completely misses you.
The orc priest hits you with a +0 club. The orc wizard closely misses you.
The orc closely misses you.
The orc priest hits you with a +0 flail.
The scorpion stings you.
You hit the orc wizard. You freeze the orc wizard.
The orc priest shouts, "Surrender to Beogh and we'll let you live!"
You headbutt the orc wizard.
The orc wizard is severely wounded.
You hit the scorpion. You freeze the scorpion. You hit the orc priest.
You freeze the orc priest.
The orc priest shouts, "The Pantheon deserves no one's loyalty.
Let us show you the true path!"
You hit the orc but do no damage. You barely miss the orc priest.
The orc priest hits you with a +0 club.
The orc wizard gestures wildly while chanting.
The orc wizard flickers and vanishes for a moment.
The orc barely misses you.
The orc priest invokes the aid of Beogh against you.
Beogh smites you! The scorpion barely misses you.
You slash the orc wizard! You freeze the orc wizard.
You kill the orc wizard!
You hit the orc priest but do no damage.
The orc priest threatens, "Beogh's wrath is as vast as their mercy.
Make your choice!"
You hit the scorpion. You freeze the scorpion. You hit the orc priest.
You freeze the orc priest. You hit the orc. You freeze the orc.
The orc priest completely misses you.
The scorpion stings you but does no damage.
The orc completely misses you.
The orc priest invokes the aid of Beogh against you.
Pain shoots through your body!
* * * LOW HITPOINT WARNING * * *
Your Maces & Flails skill increases to level 6!
The scorpion stings you but does no damage.
The orc priest mumbles some strange prayers to Beogh against you.
Beogh smites you!
* * * LOW HITPOINT WARNING * * *
The orc priest completely misses you. The scorpion stings you.
You die...

#......#
#.#.#..#
#......#
#..<...#
#......#### #
#.........# .#
#.....###.....#
#.....#####...#.
#.....@oo..?....
#.(#..#os.#.(...
#....##...# ...
#...##.....# .
#..##..#.#..#
##....##.##...
#...# ... #....
#... .>. ....
#.$ #... ...


You could see a scorpion, 2 orc priests and an orc.

Vanquished Creatures
  2 orc wizards
  A gnoll (D:1)
  2 adders (D:2)
  4 dart slugs
  5 orcs
  4 bats
  4 endoplasms
  9 giant cockroaches
  5 hobgoblins
  10 jackals
  2 quokkas (D:1)
  7 ball pythons
  3 frilled lizards (D:1)
  5 goblins
  A kobold (D:4)
  3 rats
67 creatures vanquished.

Notes
Turn   | Place    | Note
-------+----------+-------------------------------------------
     0 | D:1      | Dordric the Oni Monk began the quest for the Orb.
     0 | D:1      | Reached XP level 1. HP: 24/24 MP: 1/1
    75 | D:1      | Reached XP level 2. HP: 30/32 MP: 2/2
   313 | D:1      | Reached skill level 4 in Maces & Flails
   522 | D:1      | Reached XP level 3. HP: 39/39 MP: 3/3
   856 | D:2      | Reached XP level 4. HP: 38/48 MP: 4/4
   905 | D:2      | Reached skill level 5 in Maces & Flails
  1189 | D:2      | Reached XP level 5. HP: 50/54 MP: 5/5
  1627 | D:3      | Found Tuffo's Magic Scroll Shoppe.
  1721 | D:3      | Identified the +11 whip of Fae Conscience {freeze, rPois
                  | Int+5}
  1869 | D:3      | Found a glowing golden altar of the Shining One.
  2152 | D:4      | Found a staircase to the Ecumenical Temple.
  2177 | D:4      | Reached skill level 6 in Maces & Flails
  2177 | D:4      | HP: 2/54 [orc priest/divine providence (11)]
  2177 | D:4      | Slain by a scorpion

Illustrated notes

Levels and vault maps discovered:
D:1:      orjb1_clovarrival, layout_basic
D:2:      layout_basic
D:3:      layout_basic, mainiacjoe_overflow_small_starburst, serial_shops,
          nicolae_shop_pleasant_corner_grove
D:4:      minmay_razor_zed, layout_rooms, minmay_temple_entry_waves,
          serial_co_window_serial, co_window_corner_a, co_window_paths_b,
          co_window_corner_a, co_window_corner_a, co_window_paths_b,
          co_window_cross_2, co_window_broadway_c, co_window_paths_c,
          co_window_paths_c, co_window_of_opportunity_c, co_window_paths_c,
          co_window_corner_b, glass_columns_a, glass_columns_a

Skill      XL: |  1  2  3  4  5 |
---------------+----------------+-----
Maces & Flails | 4 5 6 |  6.0
Fighting       | |  4.0
Dodging        | |  2.6

Action                     |  1- 3 |  4- 6 || total
---------------------------+-------+-------++-------
  Melee: Hand axe          |    46 |    44 ||    90
         Mace              |     2 |       ||     2
         Headbutt          |     6 |     8 ||    14
    Use: Potion            |       |     1 ||     1
 Armour: Robe              |    36 |    45 ||    81
  Dodge: Dodged            |    20 |    34 ||    54

Table legend: (Time is in decaauts)
 A = Elapsed time spent in this place.
 B = Non-inter-level travel time spent in this place.
 C = Inter-level travel time spent in this place.
 D = Time resting spent in this place.
 E = Time spent auto-exploring this place.
 F = Levels seen in this place.
 G = Mean time per level.
                   A        B        C        D        E       F      G
               +--------+--------+--------+--------+--------+-----+--------+
         Total |   2190 |   2144 |     46 |      0 |   1828 |   4 |  547.5 |
       Dungeon |   2190 |   2144 |     46 |      0 |   1828 |   4 |  547.5 |
               +--------+--------+--------+--------+--------+-----+--------+

Top non-repeatable levels by time:
     D:2: 812 daAuts
     D:3: 678 daAuts
     D:1: 668 daAuts
     D:4: 30 daAuts
